 Dungeon Sprint DCSS version 0.23-a0-701-gd76f34b (webtiles) character file.

7821 emperorscorpion the Imperceptible (level 11, -17/92 HPs)
             Began as a Vampire Assassin on Jan 12, 2019.
             Was a High Priest of Okawaru.
             Demolished by an orc warrior
             ... wielding a +0 trident
              (37 damage)
             ... in the Dungeon (Sprint IX: "|||||||||||||||||||||||||||||").
             The game lasted 00:07:04 (1517 turns).

emperorscorpion the Imperceptible (VpAs)            Turns: 1517, Time: 00:07:05

Health: -17/92     AC:  4    Str: 10    XL:     11   Next: 1%
Magic:  8/15       EV: 26    Int: 20    God:    Okawaru [*****.]
Gold:   678        SH:  0    Dex: 19    Spells: 10/10 levels left

rFire    . . .     SeeInvis +   a - +3 rapier (venom)
rCold    . . .     Gourm    .   (no shield)
rNeg     + . .     Faith    .   c - +0 robe
rPois    .         Spirit   .   t - +0 helmet
rElec    .         Reflect  .   d - +0 cloak
rCorr    .         Harm     .   (no gloves)
MR       +....     NoTele   +   (no boots)
Stlth    +++++++++.             (no amulet)
HPRegen  0.25/turn              v - +3 ring of intelligence
MPRegen  0.14/turn              w - +3 ring of intelligence

@: heroism
A: fangs 3, see invisible, unbreathing
a: Bat Form, Heroism, Finesse, Renounce Religion


You were in the Dungeon.
You worshipped Okawaru.
Okawaru was extremely pleased with you.
You were not thirsty.

You visited 1 branch You collected 678 gold pieces.

Inventory:

Hand Weapons
 a - a +3 rapier of venom (weapon)
 b - a +2 scimitar of slicing
 r - a +2 dagger
 s - a +0 blowgun
Missiles
 e - 8 poisoned needles
 f - 2 curare-tipped needles
 C - 3 needles of sleeping
 D - 7 silver javelins (quivered)
Armour
 c - a +0 robe (worn)
 d - a +0 cloak (worn)
 t - a +0 helmet (worn)
 u - a +0 cloak
 x - a +1 scale mail
Magical Staves
 q - an uncursed staff of energy
Jewellery
 v - a +3 ring of intelligence (left hand)
 w - a +3 ring of intelligence (right hand)
Scrolls
 m - 2 scrolls of blinking
 n - 4 scrolls of remove curse
 o - 2 scrolls of amnesia
 y - a scroll of fear
 A - 2 scrolls of enchant armour
 B - 2 scrolls of identify
Potions
 g - a potion of berserk rage
 h - 6 potions of curing
 i - 5 potions of heal wounds
 j - a potion of haste
 k - 4 potions of magic
 l - a potion of invisibility
 p - a potion of brilliance
 z - a potion of might
 E - 14 potions of blood
 F - a potion of lignification


   Skills:
 + Level 10.5(15.5) Fighting
 - Level 14.0(19.0) Short Blades
 + Level 4.1(9.1) Throwing
 + Level 11.4(16.4) Dodging
 - Level 22.0(27) Stealth
 + Level 4.2 Invocations
 + Level 5.4 Evocations


You had 10 spell levels left.
You didn't know any spells.
Your spell library was empty.

Dungeon Overview and Level Annotations

Branches:
Dungeon (1/1)

Altars:
Cheibriados
Dithmenos
Elyvilon
Fedhas
Gozag
Hepliaklqana
Kikubaaqudgha
Makhleb
Nemelex Xobeh
Okawaru
Qazlal
Ru
Sif Muna
Trog
Uskayaw
Vehumet
Wu Jian
Xom
Yredelemnul
Zin
The Shining One
Beogh
Jiyva
Lugonu


Innate Abilities, Weirdness & Mutations

You have razor-sharp teeth.
You have supernaturally acute eyesight. (SInv)
You can survive without breathing.


Message History

* * * LOW HITPOINT WARNING * * *
Things that are here:
a +0 war axe; a +0 chain mail; 50 gold pieces You closely miss the orc warrior.
Your hands slow down.
You hit the orc warrior.
The orc warrior is poisoned.
Your bite misses the orc warrior.
The orc warrior is lightly wounded.
The orc no longer looks unusually strong.
The orc warrior misses you.
You puncture the orc warrior!
The orc warrior is heavily wounded.
You barely miss the orc warrior.
The orc warrior is heavily wounded.
The orc sorcerer no longer looks unusually strong.
The orc warrior no longer looks unusually strong.
The orc knight roars a battlecry!
The orcs go into a battle-frenzy!
The orc warrior hits you with a +0 trident!!!
You die...

..'________________________'...).
▓▓▓▓▓▓▓▓▓▓▓▓▓▓▓▓▓▓▓▓▓▓▓▓▓▓▓▓▓▓▓▓▓
.................................
▓▓▓▓▓▓▓▓▓▓▓▓▓▓▓▓▓▓▓▓▓▓▓▓▓▓▓▓▓▓▓▓▓
)....††'..÷.....÷÷.........'††.††
▓▓▓▓▓▓▓▓▓▓▓▓▓▓▓▓▓▓▓▓▓▓▓▓▓▓▓▓▓▓▓▓▓
.................................
▓▓▓▓▓▓▓▓▓▓▓▓▓▓▓▓▓▓▓▓▓▓▓▓▓▓▓▓▓▓▓▓▓
)))[)..).....'))@ooooooo
▓▓▓▓▓▓▓▓▓▓▓▓▓▓▓▓▓▓▓▓▓▓▓▓


You could see an orc knight, an orc sorcerer, 4 orc warriors and an orc.

Vanquished Creatures
  A hydra (D)
  A centaur warrior (D)
  An orc high priest (D)
  2 orc knights (D)
  A manticore (D)
  A gargoyle (D)
  A spiny frog (D)
  A troll (D)
  4 polar bears (D)
  3 hippogriffs (D)
  A yak (D)
  A wraith (D)
  3 water moccasins (D)
  A porcupine (D)
  4 orc warriors (D)
  4 black bears (D)
  An ogre (D)
  A wolf (D)
  5 crocodiles (D)
  3 bullfrogs (D)
  A crimson imp (D)
  A hound (D)
  3 orc priests (D)
  4 orc wizards (D)
  An iguana (D)
  A worker ant (D)
  An adder (D)
  2 shadow imps (D)
  An adder skeleton (D)
  A worm (D)
  A dart slug (D)
  5 orcs (D)
  2 giant cockroaches (D)
  A kobold (D)
  A rat (D)
66 creatures vanquished.

Notes
Turn   | Place    | Note
-------+----------+-------------------------------------------
     0 | D        | emperorscorpion the Vampire Assassin began the quest for
                  | the Orb.
     0 | D        | Reached XP level 1. HP: 16/16 MP: 1/1
     6 | D        | Reached skill level 6 in Stealth
    24 | D        | Reached skill level 7 in Stealth
    29 | D        | Noticed a worker ant
    29 | D        | Noticed an orc wizard
    31 | D        | Killed a worker ant
    31 | D        | Reached skill level 9 in Stealth
    31 | D        | Reached XP level 2. HP: 22/22 MP: 2/2
    31 | D        | Reached XP level 3. HP: 27/27 MP: 3/3
    42 | D        | Reached skill level 10 in Stealth
    47 | D        | Reached skill level 11 in Stealth
    47 | D        | Reached XP level 4. HP: 33/34 MP: 4/4
    51 | D        | Found a roughly hewn altar of Beogh.
    51 | D        | Found a snail-covered altar of Cheibriados.
    51 | D        | Found a shadowy altar of Dithmenos.
    51 | D        | Found a white marble altar of Elyvilon.
    51 | D        | Found a blossoming altar of Fedhas.
    51 | D        | Found an opulent altar of Gozag.
    52 | D        | Found a hazy altar of Hepliaklqana.
    53 | D        | Found a viscous altar of Jiyva.
    54 | D        | Found an ancient bone altar of Kikubaaqudgha.
    55 | D        | Found a corrupted altar of Lugonu.
    56 | D        | Found a burning altar of Makhleb.
    57 | D        | Found a sparkling altar of Nemelex Xobeh.
    58 | D        | Found an iron altar of Okawaru.
    59 | D        | Found a stormy altar of Qazlal.
    60 | D        | Found a sacrificial altar of Ru.
    61 | D        | Found a deep blue altar of Sif Muna.
    62 | D        | Found a bloodstained altar of Trog.
    63 | D        | Found a hide-covered altar of Uskayaw.
    64 | D        | Found a radiant altar of Vehumet.
    65 | D        | Found an ornate altar of the Wu Jian Council.
    66 | D        | Became a worshipper of Warmaster Okawaru
    67 | D        | Found a shimmering altar of Xom.
    68 | D        | Found a basalt altar of Yredelemnul.
    69 | D        | Found a glowing silver altar of Zin.
    70 | D        | Found a glowing golden altar of the Shining One.
   145 | D        | Noticed an ogre
   145 | D        | Noticed a troll
   145 | D        | Noticed a wraith
   163 | D        | Killed an ogre
   163 | D        | Reached skill level 12 in Stealth
   163 | D        | Reached XP level 5. HP: 13/41 MP: 5/5
   168 | D        | Reached skill level 13 in Stealth
   170 | D        | Killed a troll
   170 | D        | Reached * piety under Okawaru
   170 | D        | Reached skill level 5 in Fighting
   170 | D        | Reached skill level 15 in Stealth
   170 | D        | Reached XP level 6. HP: 16/51 MP: 6/6
   183 | D        | Killed a wraith
   183 | D        | Reached ** piety under Okawaru
   183 | D        | Reached skill level 16 in Stealth
   183 | D        | Reached skill level 1 in Evocations
   183 | D        | Reached XP level 7. HP: 22/56 MP: 7/7
   273 | D        | Noticed a gargoyle
   273 | D        | Noticed a centaur warrior
   273 | D        | Noticed a manticore
   280 | D        | Killed a gargoyle
   280 | D        | Reached skill level 10 in Short Blades
   280 | D        | Reached skill level 17 in Stealth
   280 | D        | Killed a centaur warrior
   280 | D        | Reached *** piety under Okawaru
   280 | D        | Reached skill level 19 in Stealth
   280 | D        | Reached XP level 8. HP: 14/65 MP: 5/10
   424 | D        | Killed a manticore
   424 | D        | Reached skill level 5 in Dodging
   424 | D        | Reached XP level 9. HP: 34/71 MP: 9/11
   540 | D        | Noticed an eight-headed hydra
   544 | D        | Killed an eight-headed hydra
   544 | D        | Received a gift from Okawaru
   544 | D        | Reached **** piety under Okawaru
   544 | D        | Reached skill level 20 in Stealth
   554 | D        | Reached skill level 21 in Stealth
   554 | D        | Reached skill level 1 in Invocations
   606 | D        | Noticed a spiny frog
   621 | D        | Reached skill level 5 in Evocations
   771 | D        | Killed a spiny frog
   771 | D        | Reached XP level 10. HP: 79/80 MP: 11/13
   787 | D        | Reached ***** piety under Okawaru
   787 | D        | Received a gift from Okawaru
   934 | D        | Reached skill level 22 in Stealth
  1076 | D        | Noticed an orc knight
  1106 | D        | Killed an orc knight
  1106 | D        | Reached skill level 10 in Dodging
  1113 | D        | Received a gift from Okawaru
  1448 | D        | Noticed an orc high priest
  1448 | D        | Noticed an orc knight
  1475 | D        | Noticed an orc sorcerer
  1485 | D        | Noticed a sixfirhy
  1496 | D        | Killed an orc high priest
  1496 | D        | Reached skill level 10 in Fighting
  1500 | D        | Noticed an orc knight
  1512 | D        | Killed an orc knight
  1512 | D        | Reached XP level 11. HP: 36/92 MP: 8/15
  1517 | D        | Demolished by an orc warrior

Vault maps used:
D:        linesprint

Skill      XL: |  1  2  3  4  5  6  7  8  9 10 |
---------------+-------------------------------+-----
Throwing       | 2 3 4 |  4.1
Stealth        | 9 11 12 15 16 19 21 22 | 22.0
Fighting       | 2 3 5 6 7 10 | 10.5
Short Blades   | 3 4 6 8 9 11 13 14 | 14.0
Dodging        | 2 3 4 5 6 11 | 11.4
Evocations     | 1 3 5 |  5.4
Invocations    | 1 4 |  4.2

Action                   |  1- 3 |  4- 6 |  7- 9 | 10-12 || total
-------------------------+-------+-------+-------+-------++-------
Melee: Dagger            |    33 |       |       |       ||    33
       Bite              |     1 |     1 |    15 |    27 ||    44
       Rapier            |       |     7 |    94 |   187 ||   288
       Punch             |       |       |     1 |     4 ||     5
Invok: Heroism           |       |       |     6 |     5 ||    11
       Finesse           |       |       |       |     1 ||     1
 Abil: End Transformatio |       |       |     1 |       ||     1
       Bat Form          |       |       |     1 |       ||     1
Evoke: Wand              |       |     6 |     4 |       ||    10
  Use: Potion            |     1 |     3 |     3 |       ||     7
       Scroll            |       |       |       |     1 ||     1
 Stab: Sleeping          |     3 |       |     3 |     4 ||    10
       Distracted        |       |       |     2 |       ||     2
Armor: Robe              |     4 |       |     5 |     6 ||    15
Dodge: Dodged            |    13 |     8 |    58 |    83 ||   162

Table legend:
 A = Non-vault XP
 B = Vault XP
 C = Vault XP percentage of total XP
 D = Non-vault monster count
 E = Vault monster count
 F = Vault count percentage of total count
                 A         B        C        D         E       F
            +---------+---------+-------+---------+---------+-------
      Total |       0 |   11174 | 100.0 |       0 |      66 | 100.0
            +---------+---------+-------+---------+---------+-------
          D |       0 |   11174 | 100.0 |       0 |      66 | 100.0
            +---------+---------+-------+---------+---------+-------
